Zazza, neutral female gnomish Wizard ---------------- |+.............- |..............| |..............| |............<.. --+----------|-- # ### # # ### # # # ### # # -----|--.------- |......*......)- |..............| ---------------- Zazza the Evoker Experience level: 1 Strength: 11 Dexterity: 10 Constitution: 14 Intelligence: 19 Wisdom: 10 Charisma: 12 Health: 14(14) Energy: 9(9) Def: 0 Gold: 2157 Moves: 3169 Dungeon seed: cYOMHaqHy9OFE0nW Game ID: Zazza_1621716928 Your Inventory: Coins $ - 2157 gold pieces Amulets X - a cursed amulet versus poison Weapons a - a blessed +1 quarterstaff w - 8 +0 darts x - 3 +0 orcish daggers z - a cursed -2 orcish dagger Z - a +0 dagger Armor f - a cursed +0 orcish helm r - a blessed +1 orcish helm A - a cursed +0 large shield B - an uncursed +1 pair of leather gloves J - an uncursed +0 orcish helm N - a cursed +0 orcish helm Scrolls g - a cursed scroll of confuse monster i - an uncursed scroll of light j - 2 uncursed scrolls of create monster k - an uncursed scroll of taming o - a cursed scroll of light t - a cursed scroll of teleportation K - an uncursed scroll of identify R - 3 cursed scrolls of magic mapping W - a blessed scroll of magic mapping Potions u - 6 cursed potions of extra healing v - 4 cursed potions of healing C - an uncursed potion of object detection V - an uncursed potion of healing Rings c - an uncursed ring of polymorph (on right hand) d - an uncursed +1 ring of gain constitution (on left hand) h - a cursed -1 ring of protection q - an uncursed ring of free action Wands b - a wand of polymorph (0:0) s - a wand of sleep (0:6) M - a cursed wand of polymorph (0:5) O - a cursed wand of magic missile (0:3) P - a cursed wand of lightning (0:7) Q - a cursed wand of polymorph (0:5) S - a cursed wand of slow monster (0:3) Tools n - a magic marker (0:79) p - an uncursed mirror H - a cursed stethoscope Y - an uncursed tin opener Gems y - an uncursed worthless piece of orange glass L - an uncursed jet stone Spells and supernatural/magical abilities: Name Level Category Fail Memory a - force bolt 1 attack 0% 85% i - invisibility 4 escape 100% 90% z - sleep 1 enchantment 0% 90% K - cure sickness 3 healing 85% 85% W - pray for help -- divine ? -- Your skills at the end: Fighting Skills Weapon Skills quarterstaff [Basic] Spellcasting Skills attack spells [Basic] enchantment spells [Basic] Final Attributes: You were nominally aligned. You had infravision. You were polymorphing. You were unlucky. Thoth was angry with you. You are dead. Vanquished creatures: a floating eye a kitten an orc zombie an acid blob a coyote a hobbit a large kobold a brown mold 2 yellow molds a red mold 7 garter snakes 2 geckos 8 jackals 2 foxes a kobold 4 goblins a sewer rat 2 grid bugs 2 bats a lichen a kobold zombie 5 newts 47 creatures vanquished. Voluntary challenges: You never hit with a wielded weapon. You were a pacifist. You read items or engraved 17 times, starting on turn 481. You never genocided any monsters. You never polymorphed an object. You changed form 1 time, starting on turn 2992. You used no wishes. You never split a pudding. You never wrote Elbereth's name. You never violated your personal moral code. Dungeon overview: The Dungeons of Doom: levels 1 to 6 Level 1 some fountains a long staircase Level 2 a potion shop a long staircase Level 3 Level 4 Level 5 a sink Level 6 <- You were here History has recorded: On T:1 you entered the Dungeons of Doom to retrieve the Amulet of Yendor! On T:432 you reached level 2 of The Dungeons of Doom. On T:956 you reached level 3 of The Dungeons of Doom. On T:1330 you reached level 4 of The Dungeons of Doom. On T:1706 you reached level 5 of The Dungeons of Doom. On T:2621 you reached level 6 of The Dungeons of Doom. Score breakdown: Gold: 2157 (11341 points) Experience: 1 level ( 0 points) Exploration: 6 levels ( 12.24%) ( 9682 points) Discoveries: 2 items ( 0.70%) ( 2504 points) Valuables value: (no points given unless you survive) Artifact value: 0 ( 0 points) Variety of kills: 22 monsters ( 5.77%) ( 7208 points) Turncount: 3169 turns ( -680 points) Survival: died (score multiplied by 80%) Total score: 24044 Latest messages: You faint from lack of food. You come to. Armand drops a yellow gem. You faint from lack of food. You come to. You faint from lack of food. You come to. Karine bites the goblin. The goblin is killed! You displace Armand. You faint from lack of food. You come to. You turn into a giant zombie! Your cloak tears apart! Your movements are now unencumbered. You faint from lack of food. You come to. You faint from lack of food. You return to gnomish form! Your movements are slowed slightly because of your load. You come to. You faint from lack of food. You come to. You faint from lack of food. You die from starvation. Final status: Goodbye Zazza the Wizard, died of starvation, while fainted from lack of food... You starved in The Dungeons of Doom on dungeon level 6 with 24044 points, and 2157 pieces of gold, after 3169 moves. You were level 1 with a maximum of 14 hit points when you starved.